Map: World of Sleepers LE

Players

ViBE - Winner!

  • Race: Protoss Protoss
  • League: Gold
  • Spawn Location: 1:00

FluffyPandas

  • Race: Terran Terran
  • Spawn Location: 7:00

VOD

Have the link to the VOD?

Description

Time

  • Played on: Dec. 8, 2019, 7:01 p.m.
  • Length: 9:30
Show
View Real Time Build Order
Export as new Build Order

ViBE Protoss - Winner!

Build Orders: 1 Gate Expand 

Get SALT Encoding   

  12  0:00  Probe  
  13  0:13  Probe  
  14  0:18  Pylon  
  14  0:25  Probe  
  15  0:37  Probe  
  15  0:40  Gateway  
  16  0:51  Probe (Chrono Boost), Assimilator  
  17  0:59  Probe (Chrono Boost)  
  18  1:05  Probe  
  19  1:17  Probe  
  20  1:29  Probe  
  20  1:32  Cybernetics Core  
  21  1:41  Probe  
  21  1:44  Nexus  
  22  1:53  Probe  
  22  1:54  Pylon  
  22  2:03  Assimilator  
  22  2:05  Probe  
  23  2:13  Stalker  
  25  2:17  Probe (Chrono Boost)  
  26  2:29  Shield Battery  
  27  2:30  Probe (Chrono Boost)  
  27  2:35  Probe (Chrono Boost)  
  28  2:43  Gateway  
  28  2:44  Probe (Chrono Boost)  
  28  2:48  Stalker  
  31  2:56  Warp Gate  
  31  2:58  Probe (Chrono Boost)  
  32  3:01  Probe (Chrono Boost)  
  34  3:08  Probe (Chrono Boost)  
  34  3:09  Probe (Chrono Boost)  
  35  3:14  Pylon, Probe (Chrono Boost)  
  35  3:15  Probe  
  37  3:20  Sentry  
  37  3:25  Probe (Chrono Boost)  
  41  3:28  Probe (Chrono Boost)  
  41  3:31  Stalker  
  43  3:38  Probe (Chrono Boost)  
  43  3:40  Robotics Facility  
  45  3:45  Probe (Chrono Boost)  
  45  3:46  Pylon, Probe (Chrono Boost)  
  45  3:47  Stalker  
  48  3:51  Probe (Chrono Boost)  
  48  3:52  Probe  
  48  3:55  Pylon  
  50  4:02  Pylon  
  50  4:03  Probe  
  50  4:04  Probe  
  50  4:06  Stalker  
  54  4:15  Probe  
  54  4:16  Probe  
  56  4:23  Nexus  
  56  4:27  Probe  
  56  4:28  Probe  
  58  4:32  Shield Battery  
  58  4:34  Shield Battery x2  
  58  4:40  Probe x2  
  58  4:44  Assimilator  
  58  4:45  Stalker  
  60  4:47  Assimilator, Stalker  
  60  4:52  Probe x2  
  58  5:01  Immortal  
  58  5:04  Probe x2  
  64  5:09  Pylon  
  64  5:18  Probe  
  64  5:19  Probe  
  66  5:21  Stalker x2  
  70  5:31  Probe x2  
  70  5:37  Probe  
  70  5:40  Pylon  
  70  5:41  Immortal  
  73  5:43  Probe x2  
  73  5:45  Stalker x2  
  76  5:50  Probe (Chrono Boost)  
  76  5:55  Probe x2 (Chrono Boost)  
  76  6:02  Probe (Chrono Boost)  
  77  6:05  Probe x2 (Chrono Boost)  
  77  6:07  Probe (Chrono Boost)  
  77  6:08  Stalker  
  77  6:09  Stalker  
  77  6:10  Probe x2 (Chrono Boost)  
  74  6:17  Nexus  
  74  6:20  Pylon, Immortal  
  74  6:22  Probe x2  
  74  6:23  Probe  
  79  6:32  Stalker x2  
  79  6:34  Probe x2  
  79  6:35  Probe, Stalker x2  
  82  6:46  Probe x2  
  79  6:47  Probe  
  70  6:56  Gateway  
  70  6:58  Gateway  
  70  6:59  Probe x3 (Chrono Boost)  
  70  7:00  Gateway  
  65  7:02  Gateway  
  65  7:04  Pylon  
  65  7:07  Stalker x2  
  67  7:09  Probe x2 (Chrono Boost)  
  67  7:15  Pylon  
  67  7:18  Immortal  
  67  7:22  Probe x3  
  72  7:32  Probe  
  72  7:34  Probe x3  
  76  7:42  Stalker x2  
  74  7:51  Stalker  
  74  7:52  Stalker  
  74  7:56  Stalker  
  74  7:57  Stalker  
  74  7:58  Immortal  
  82  8:04  Probe  
  82  8:05  Probe  
  80  8:06  Probe x2  
  80  8:09  Assimilator  
  80  8:10  Assimilator  
  80  8:12  Stalker x2  
  82  8:20  Twilight Council  
  82  8:23  Probe x3  
  85  8:28  Stalker  
  85  8:29  Stalker x3  
  93  8:37  Immortal  
  93  8:38  Probe x3  
  93  8:39  Probe  
  100  8:55  Stalker x3  
  100  8:56  Stalker x3  
  110  9:13  Templar Archives  
  114  9:18  Forge  
  114  9:19  Forge  
  114  9:21  Forge  
  114  9:24  Stalker x3  
  118  9:25  Stalker  
  124  9:28  Pylon  
Show
View Real Time Build Order
Export as new Build Order

FluffyPandas Terran 

Build Orders:  

Get SALT Encoding   

  12  0:02  SCV  
  13  0:14  Supply Depot  
  13  0:18  SCV  
  14  0:30  SCV  
  15  0:38  Barracks  
  15  0:42  SCV  
  16  0:54  SCV  
  17  1:12  Barracks  
  17  1:17  Barracks  
  17  1:25  Marine  
  18  1:26  Supply Depot  
  18  1:30  Orbital Command  
  18  1:57  Barracks  
  18  2:05  Barracks  
  18  2:07  Marine  
  18  2:08  Marine x2  
  21  2:19  Barracks  
  21  2:26  SCV  
  22  2:31  Marine  
  22  2:34  Marine  
  24  2:38  SCV, Marine  
  26  2:45  Marine  
  26  2:49  Marine  
  26  2:50  SCV  
  29  2:52  Marine x2  
  31  3:08  Supply Depot  
  31  3:11  Supply Depot  
  31  3:29  Marine x4  
  31  3:30  Marine, Supply Depot  
  31  3:33  Marine  
  37  3:34  Supply Depot  
  37  3:47  Marine x4  
  41  3:48  Marine  
  41  3:52  Supply Depot  
  42  4:03  Marine  
  42  4:05  Marine x4  
  42  4:06  Marine  
  48  4:15  Supply Depot  
  48  4:21  Marine  
  48  4:23  Marine x4  
  53  4:24  Marine  
  54  4:38  Marine  
  54  4:40  Marine x4  
  54  4:42  Marine  
  47  4:56  Marine  
  47  4:58  Marine  
  44  5:04  Marine x4  
  45  5:14  Marine  
  45  5:16  Marine  
  47  5:22  Marine x4  
  50  5:32  Marine  
  50  5:34  Marine  
  51  5:39  Marine  
  51  5:40  Marine x3  
  50  5:50  Marine  
  50  5:53  Marine  
  49  5:57  Marine x2  
  49  5:58  Marine x2  
  47  6:07  Marine  
  47  6:10  Marine  
  46  6:15  Marine x3  
  46  6:16  Marine  
  49  6:25  Marine  
  46  6:28  Marine  
  47  6:33  Marine x4  
  49  6:43  Marine  
  49  6:46  Marine  
  49  6:51  Marine x4  
  45  7:01  Marine  
  42  7:04  Marine  
  42  7:09  Marine x4  
  45  7:19  Marine  
  45  7:22  Marine  
  43  7:26  Marine x2  
  43  7:27  Marine x2  
  47  7:31  Barracks  
  47  7:36  Marine  
  47  7:40  Marine  
  47  7:44  Marine x3  
  47  7:45  Marine  
  47  7:54  Marine  
  46  7:58  Marine  
  46  8:02  Marine x4  
  45  8:12  Marine  
  43  8:16  Marine  
  41  8:20  Marine x4  
  40  8:36  Marine x2  
  40  8:37  Marine  
  40  8:38  Marine x3  
  42  8:53  Marine  
  42  8:54  Marine x2  
  42  8:55  Marine  
  43  8:59  Marine  
  43  9:00  Marine  
  44  9:09  Marine  
  45  9:11  Marine  
Tags
 
Add a new tag
Caveats
  • Supply blocks, unpowered buildings, or Contaminate may cause inaccurate times.
  • Supply counts are checked every 10 seconds.